[Event "75th Argentine Women-ch 2024"]
[Site "Buenos Aires"]
[Date "2024.11.23"]
[Round "3.1"]
[White "Nejanky, Maisa"]
[Black "Campos, Maria Jose"]
[Result "0-1"]
[ECO "C22"]
[WhiteElo "1928"]
[BlackElo "2272"]
[Annotator "RC"]
[PlyCount "66"]
[EventDate "2024.11.21"]
[EventType "swiss"]
[EventCountry "ARG"]
[SourceTitle "playchess.com"]
[Source "ChessBase"]
[SourceQuality "1"]
[TimeControl "5400+30"]

1. e4 e5 2. d4 exd4 3. Qxd4 Nc6 4. Qe3 Nf6 5. Nc3 Bb4 6. Bd2 O-O 7. O-O-O Re8 8. Qg3 d6 9. a3 a5 10. f3 Be6 11. Bb5 Bxc3 12. Bxc3 Nh5 13. Qf2 Qg5+ 14. f4 Qxb5 15. f5 Bd7 16. Qh4 g6 17. Nf3 Qe2 18. Ng5 Ne5 19. h3 Qe3+ 20. Kb1 Qg3 21. Qxg3 Nxg3 22. Rhe1 f6 23. Nf3 gxf5 24. exf5 Bxf5 25. Nd4 Bg6 26. Nb5 Re7 27. Re3 Ne4 28. Be1 c6 29. Nd4 d5 30. g4 Nc4 31. Rf3 Rae8 32. h4 Ng5 33. Rf1 Ne3 0-1

[Event "75th Argentine Women-ch 2024"]
[Site "Buenos Aires"]
[Date "2024.11.23"]
[Round "3.2"]
[White "Adam, Ernestina"]
[Black "Maggiolo, Elisa"]
[Result "1-0"]
[ECO "B32"]
[WhiteElo "2154"]
[BlackElo "1922"]
[Annotator "RC"]
[PlyCount "85"]
[EventDate "2024.11.21"]
[EventType "swiss"]
[EventCountry "ARG"]
[SourceTitle "playchess.com"]
[Source "ChessBase"]
[SourceQuality "1"]
[TimeControl "5400+30"]

1. e4 c5 2. Nf3 Nc6 3. d4 cxd4 4. Nxd4 e5 5. Nb5 d6 6. N1c3 a6 7. Na3 b5 8. Nd5 Nf6 9. c4 b4 10. Nc2 Be7 11. Nxf6+ Bxf6 12. Nxb4 Qa5 13. Bd2 Nxb4 14. a3 Nc2+ 15. Qxc2 Qc7 16. Bd3 Be6 17. O-O O-O 18. b4 g6 19. Rac1 Be7 20. Bh6 Rfc8 21. f4 f6 22. fxe5 dxe5 23. Be3 a5 24. c5 axb4 25. Bc4 Bxc4 26. Qxc4+ Kg7 27. axb4 Ra4 28. Rfd1 Qc6 29. Bd2 Qb7 30. Qd5 Qb5 31. c6 Qb6+ 32. Kh1 Rc7 33. Qe6 Qf2 34. Qb3 Qa7 35. Be3 Ra3 36. Bxa7 Rxb3 37. Bb6 Rc8 38. Rd7 Kf8 39. c7 Ke8 40. Rcd1 Rb1 41. Rd8+ Bxd8 42. cxd8=Q+ Rxd8 43. Rxb1 1-0

[Event "75th Argentine Women-ch 2024"]
[Site "Buenos Aires"]
[Date "2024.11.23"]
[Round "3.3"]
[White "Ramirez, Marysol"]
[Black "Brizzi, Milagros Tatiana"]
[Result "0-1"]
[ECO "D00"]
[WhiteElo "1824"]
[BlackElo "2114"]
[Annotator "RC"]
[PlyCount "76"]
[EventDate "2024.11.21"]
[EventType "swiss"]
[EventCountry "ARG"]
[SourceTitle "playchess.com"]
[Source "ChessBase"]
[SourceQuality "1"]
[TimeControl "5400+30"]

1. d4 d5 2. Bf4 c5 3. c3 Nc6 4. e3 Bf5 5. Qb3 Qd7 6. Nf3 e6 7. Bb5 c4 8. Qa4 f6 9. O-O Nge7 10. Nbd2 g5 11. Bg3 h5 12. h4 g4 13. Nh2 Nc8 14. e4 Nb6 15. Bxc6 bxc6 16. Qc2 Bh7 17. Rfe1 Bh6 18. Nhf1 O-O 19. Qd1 f5 20. exd5 f4 21. dxe6 Qe7 22. Bh2 Rae8 23. b3 Qxh4 24. bxc4 Qf6 25. c5 Nd5 26. Nc4 Nxc3 27. Qb3 Nd5 28. Ne5 Qxe6 29. Qb7 Ne7 30. Nd7 Qd5 31. Nxf8 Kxf8 32. Rad1 Bc2 33. Re5 Qxa2 34. Rde1 Qf7 35. Nd2 Bg7 36. Re6 Bxd4 37. Nc4 g3 38. Rxe7 gxf2+ 0-1

[Event "75th Argentine Women-ch 2024"]
[Site "Buenos Aires"]
[Date "2024.11.23"]
[Round "3.4"]
[White "Herrera, Solange"]
[Black "Zuriel, Marisa"]
[Result "0-1"]
[ECO "A57"]
[WhiteElo "1880"]
[BlackElo "2163"]
[Annotator "RC"]
[PlyCount "107"]
[EventDate "2024.11.21"]
[EventType "swiss"]
[EventCountry "ARG"]
[SourceTitle "playchess.com"]
[Source "ChessBase"]
[SourceQuality "1"]
[TimeControl "5400+30"]

1. d4 Nf6 2. c4 c5 3. d5 b5 4. cxb5 e6 5. Nc3 a6 6. e4 axb5 7. dxe6 fxe6 8. e5 Nd5 9. Nxd5 exd5 10. Qxd5 Nc6 11. Be2 Qc7 12. Nf3 Bb7 13. e6 O-O-O 14. exd7+ Rxd7 15. Qe6 Kb8 16. Be3 Nd4 17. Nxd4 cxd4 18. Rc1 Qd8 19. Bxb5 Qa5+ 20. Bd2 Qxb5 21. Bf4+ Ka7 22. Qc4 Qb4+ 23. Bd2 Qxc4 24. Rxc4 Bxg2 25. Rg1 Bf3 26. Ra4+ Kb7 27. Bf4 Bc6 28. Rc4 Bb5 29. Rc1 Bb4+ 30. Kd1 d3 31. Bd2 Bd6 32. Rg5 Bc6 33. Rc3 Bc7 34. Rgc5 Bf3+ 35. Kc1 Re8 36. Rb3+ Bb6 37. Rcb5 Re6 38. a4 Ka6 39. a5 Bxf2 40. Rf5 Rf6 41. Re5 Rc6+ 42. Kb1 Bd1 43. Rb8 Ba7 44. Rb4 Bc2+ 45. Ka2 Rd4 46. Rxd4 Bxd4 47. Re7 Rg6 48. Rd7 Rg2 49. Rd6+ Ka7 50. Rd7+ Ka8 51. Bf4 d2 52. Rd8+ Kb7 53. Rd7+ Ka6 54. Bxd2 0-1

[Event "75th Argentine Women-ch 2024"]
[Site "Buenos Aires"]
[Date "2024.11.23"]
[Round "3.5"]
[White "Gaite, Karen Nerina"]
[Black "Alvarez, Mia Morena"]
[Result "0-1"]
[ECO "D12"]
[WhiteElo "1997"]
[BlackElo "1653"]
[Annotator "RC"]
[PlyCount "70"]
[EventDate "2024.11.21"]
[EventType "swiss"]
[EventCountry "ARG"]
[SourceTitle "playchess.com"]
[Source "ChessBase"]
[SourceQuality "1"]
[TimeControl "5400+30"]

1. c4 c6 2. Nf3 d5 3. e3 Nf6 4. b3 Bf5 5. Bb2 e6 6. Nc3 Be7 7. d4 h6 8. Bd3 Bxd3 9. Qxd3 Nbd7 10. O-O O-O 11. Ne5 Nxe5 12. dxe5 Nd7 13. f4 a6 14. Kh1 b5 15. cxd5 cxd5 16. Rfd1 Nc5 17. Qe2 b4 18. Nb1 Ne4 19. Rc1 Rc8 20. Nd2 Nxd2 21. Qxd2 Qd7 22. e4 Rfd8 23. Rxc8 Qxc8 24. exd5 Rxd5 25. Qe3 Bc5 26. Qc1 Qd7 27. h3 Ba7 28. Rb1 Rd2 29. Qe1 Bf2 30. Qe4 Rd1+ 31. Kh2 Rd3 32. Rf1 Bg3+ 33. Kh1 Rd2 34. Bc1 Rf2 35. Rxf2 Qd1+ 0-1

[Event "75th Argentine Women-ch 2024"]
[Site "Buenos Aires"]
[Date "2024.11.23"]
[Round "3.6"]
[White "Palomares, Lujan"]
[Black "Bosco, Giuliana"]
[Result "0-1"]
[ECO "B87"]
[WhiteElo "1633"]
[BlackElo "1953"]
[Annotator "RC"]
[PlyCount "52"]
[EventDate "2024.11.21"]
[EventType "swiss"]
[EventCountry "ARG"]
[SourceTitle "playchess.com"]
[Source "ChessBase"]
[SourceQuality "1"]
[TimeControl "5400+30"]

1. e4 c5 2. Nf3 e6 3. d4 cxd4 4. Nxd4 a6 5. Bc4 Qc7 6. Bb3 Nf6 7. f3 d6 8. Nc3 Be7 9. Be3 Nbd7 10. a3 Nc5 11. Ba2 b5 12. O-O Bb7 13. Re1 O-O 14. Bf2 Rfd8 15. Qe2 Rac8 16. Rad1 Ba8 17. Qe3 Qb8 18. Bg3 b4 19. axb4 Qxb4 20. Nb3 d5 21. Bf2 Nxb3 22. Bxb3 Bc5 23. Qe2 d4 24. Na2 Qb6 25. Qd3 Bc6 26. Qd2 a5 0-1

[Event "75th Argentine Women-ch 2024"]
[Site "Buenos Aires"]
[Date "2024.11.23"]
[Round "3.7"]
[White "Bossero, Ingrid"]
[Black "Perez Lascano, Lucila"]
[Result "1/2-1/2"]
[ECO "B34"]
[WhiteElo "1694"]
[BlackElo "1593"]
[Annotator "NA RC"]
[PlyCount "56"]
[EventDate "2024.11.21"]
[EventType "swiss"]
[EventCountry "ARG"]
[SourceTitle "playchess.com"]
[Source "ChessBase"]
[SourceQuality "1"]
[TimeControl "5400+30"]

1. e4 c5 2. Nf3 Nc6 3. d4 cxd4 4. Nxd4 g6 5. c3 Bg7 6. Be3 Nf6 7. Nxc6 bxc6 8. Bd3 O-O 9. O-O d5 10. exd5 cxd5 11. Re1 Ng4 12. Bf4 Qb6 13. Qd2 e5 14. Bg3 Bh6 15. Qc2 e4 16. Be2 e3 17. Bxg4 Bxg4 18. fxe3 Rfe8 19. Na3 Bxe3+ 20. Bf2 Rab8 21. b4 Bf5 22. Qb2 Bxf2+ 23. Qxf2 Qa6 24. Nc2 Qd3 25. Rac1 Be4 26. Ne3 Rbc8 27. Ng4 Re6 28. Rf1 Rc7 1/2-1/2

[Event "75th Argentine Women-ch 2024"]
[Site "Buenos Aires"]
[Date "2024.11.23"]
[Round "3.8"]
[White "Amura, Claudia"]
[Black "Quiroga Ortiz, Isabella"]
[Result "1-0"]
[ECO "B13"]
[WhiteElo "2183"]
[BlackElo "1508"]
[Annotator "RC"]
[PlyCount "39"]
[EventDate "2024.11.21"]
[EventType "swiss"]
[EventCountry "ARG"]
[SourceTitle "playchess.com"]
[Source "ChessBase"]
[SourceQuality "1"]
[TimeControl "5400+30"]

1. e4 c6 2. d4 d5 3. exd5 cxd5 4. Bd3 Nf6 5. c3 Bg4 6. Qb3 Qd7 7. Bf4 Nc6 8. Nd2 a6 9. Ngf3 Bxf3 10. Nxf3 e6 11. O-O g6 12. a4 Qe7 13. Qb6 Rc8 14. h3 Bg7 15. b4 Nd8 16. b5 Rxc3 17. bxa6 Nd7 18. Qb2 Bxd4 19. Nxd4 Qc5 20. Nb5 1-0

[Event "75th Argentine Women-ch 2024"]
[Site "Buenos Aires"]
[Date "2024.11.23"]
[Round "3.9"]
[White "Montiel Marin, Micaela Agustina"]
[Black "Perez Mosqueda, Valeria Ritzabeth"]
[Result "1-0"]
[ECO "E01"]
[WhiteElo "1880"]
[BlackElo "1476"]
[Annotator "NA RC"]
[PlyCount "55"]
[EventDate "2024.11.21"]
[EventType "swiss"]
[EventCountry "ARG"]
[SourceTitle "playchess.com"]
[Source "ChessBase"]
[SourceQuality "1"]
[TimeControl "5400+30"]

1. d4 e6 2. c4 f5 3. Nf3 Nf6 4. g3 c6 5. Bg2 d5 6. O-O Bd6 7. Qc2 Nbd7 8. Ne1 O-O 9. Nd3 Ne4 10. Bf4 Bxf4 {[%emt 0:06:24] E01: Catalan: Early deviations.} 11. Nxf4 Rf6 12. f3 Nd6 13. Nd2 dxc4 14. Nxc4 Nxc4 15. Qxc4 Nb6 16. Qc5 Nd5 17. Nxd5 exd5 18. e4 fxe4 19. fxe4 Rxf1+ 20. Rxf1 dxe4 21. Bxe4 Be6 22. Rf2 $11 h6 23. Bb1 Qd7 24. Qc2 g6 25. Qxg6+ Kh8 26. Qxh6+ Kg8 27. Qg6+ Kh8 28. Rf4 1-0